 Dungeon Crawl Stone Soup version 0.25.1-8-g42b30a86e7 (webtiles) character file.

Game seed: 18429889571713563015

184 Destapler the Cudgeler (level 5, -1/33 HPs)
             Began as a Gargoyle Gladiator on Dec 11, 2020.
             Slain by Natasha (6 damage)
             ... on level 3 of the Dungeon.
             The game lasted 00:04:16 (2513 turns).

Destapler the Cudgeler (Gargoyle Gladiator)         Turns: 2513, Time: 00:04:16

Health: -1/33      AC: 10    Str: 18    XL:     5   Next: 64%
Magic:  5/5        EV: 12    Int:  8    God:
Gold:   113        SH:  0    Dex: 12    Spells: 4/4 levels left

rFire    . . .     SeeInvis .   a - +0 flail
rCold    + . .     Gourm    .   (no shield)
rNeg     + . .     Faith    .   k - +2 leather armour {rC+}
rPois    ∞         Spirit   .   c - +0 helmet
rElec    +         Reflect  .   (no cloak)
rCorr    .         Harm     .   (no gloves)
MR       .....                  (no boots)
Stlth    +.........             (no amulet)
HPRegen  0.11/turn              m - ring of wizardry
MPRegen  0.09/turn              (no ring)

@: slowed, very slow
A: negative energy resistance 1, electricity resistance, unbreathing,
petrification resistance, rot immunity, AC +4
a: no special abilities


You were on level 3 of the Dungeon.
You were hungry.

You visited 1 branch of the dungeon, and saw 3 of its levels.

You collected 113 gold pieces.

Inventory:

Hand Weapons
 a - a +0 flail (weapon)
Missiles
 b - 4 poisoned darts
 d - 4 throwing nets (quivered)
Armour
 c - a +0 helmet (worn)
 k - a +2 leather armour of cold resistance (worn)
Jewellery
 m - a ring of wizardry (left hand)
Scrolls
 e - 3 scrolls of blinking {unknown}
 g - a scroll of magic mapping {unknown}
 h - a scroll of immolation {unknown}
 j - a scroll of fog {unknown}
 n - 3 scrolls of teleportation {unknown}
 o - a scroll of enchant weapon {unknown}
 r - 2 scrolls of identify {unknown}
 s - a scroll of random uselessness {unknown}
Potions
 i - a potion of curing
 l - a potion of might {unknown}
 q - 2 potions of magic {unknown}
 t - a potion of haste {unknown}
Comestibles
 f - 2 rations
 p - 3 chunks of flesh


   Skills:
 + Level 3.9 Fighting
 * Level 5.3 Maces & Flails
 - Level 1.7 Throwing
 - Level 2.4 Dodging


You had 4 spell levels left.
You didn't know any spells.
Your spell library was empty.

Dungeon Overview and Level Annotations

Branches:
Dungeon (3/15)

Altars:

Annotations:
D:3 Natasha


Innate Abilities, Weirdness & Mutations

You are resistant to torment.
Your stone body is resilient. (AC +4)
You are immune to poison.
You resist negative energy. (rN+)
You are resistant to electric shocks. (rElec)
You can survive without breathing.
You are immune to petrification.
You are immune to rotting.


Message History

The howler monkey hoots and howls with incredible vigour!
Natasha casts a spell.
The howler monkey barely misses you.
You closely miss the howler monkey.
The howler monkey is severely wounded.
The howler monkey hits you but does no damage.
Natasha mumbles some strange words.
The howler monkey misses you.
You sock the howler monkey!
You kill the howler monkey!
The white imp disappears in a puff of smoke!
A kobold comes into view. It is wielding a +0 dagger.
Natasha stares at you and mumbles some strange words.
The magic dart hits you.
* * * LOW HITPOINT WARNING * * *
The kobold moves out of view.
You hit Natasha but do no damage.
Natasha is almost dead.
Natasha barely misses you. Natasha claws you.
You die...

....... .#
.....##.
....... #
#.....# #.
#.§...#
###..#K.§..##..
......5Jg......
#h# #@# #.# #.#
#.# #.. ##. ..
.. ...


You could see Natasha, a crimson imp (summoned), an ooze, a goblin and a kobold.

Vanquished Creatures
  A howler monkey (D:3)
  Natasha (D:3)
  3 adders
  An ooze (D:1)
  A worm (D:2)
  3 dart slugs
  4 leopard geckos
  6 orcs
  A ball python (D:3)
  11 bats
  3 giant cockroaches
  5 goblins
  6 hobgoblins
  7 jackals
  2 quokkas
  A frilled lizard (D:1)
  7 kobolds
  7 rats
70 creatures vanquished.

Notes
Turn   | Place    | Note
-------+----------+-------------------------------------------
     0 | D:1      | Destapler the Gargoyle Gladiator began the quest for the
                  | Orb.
     0 | D:1      | Reached XP level 1. HP: 12/12 MP: 1/1
   177 | D:1      | Reached XP level 2. HP: 12/18 MP: 2/2
   541 | D:1      | Reached XP level 3. HP: 22/22 MP: 3/3
   859 | D:2      | Reached skill level 4 in Maces & Flails
  1046 | D:2      | Reached XP level 4. HP: 23/28 MP: 4/4
  2227 | D:3      | Noticed Natasha
  2243 | D:3      | Killed Natasha
  2243 | D:3      | Reached skill level 5 in Maces & Flails
  2243 | D:3      | Reached XP level 5. HP: 20/33 MP: 5/5
  2497 | D:3      | Noticed Natasha
  2513 | D:3      | Slain by Natasha

Illustrated notes

Levels and vault maps discovered:
D:1:      wander_arrival_desolate, layout_rooms, minmay_octomino_e4
D:2:      layout_basic, minmay_misc_feat_alley
D:3:      layout_loops_ring, first_ration, uniq_natasha

Skill      XL: |  1  2  3  4 |
---------------+-------------+-----
Maces & Flails | 4 5 |  5.3
Fighting       | 3 |  3.9
Throwing       | |  1.7
Dodging        | |  2.4

Action                   |  1- 3 |  4- 6 || total
-------------------------+-------+-------++-------
Melee: Flail             |    88 |   161 ||   249
  Use: Potion            |       |     1 ||     1
  Eat: Chunk             |       |     5 ||     5
Armor: Leather armour    |    71 |    94 ||   165
Dodge: Dodged            |   105 |   148 ||   253
